 Dungeon Crawl Stone Soup version 0.25-a0-876-gadf69d5 (webtiles) character file.

Game seed: 1116142486038125444, levelgen mode: deterministic

281 BlueFish the Insei (level 6, 0/39 HPs)
             Began as an Octopode Transmuter on May 1, 2020.
             Slain by a sky beast (3 damage)
             ... on level 3 of the Dungeon.
             The game lasted 00:08:13 (3312 turns).

BlueFish the Insei (Octopode Transmuter)            Turns: 3312, Time: 00:08:14

Health: 0/39       AC:  1    Str: 11    XL:     6   Next: 27%
Magic:  9/9        EV: 14    Int: 15    God:
Gold:   257        SH:  0    Dex: 13    Spells: 4/10 levels left

rFire    . . .     SeeInvis .     - Unarmed
rCold    . . .     Gourm    .   (no shield)
rNeg     . . .     Faith    .   (helmet restricted)
rPois    .         Spirit   .   (no amulet)
rElec    .         Reflect  .   (no ring)
rCorr    .         Harm     .   (no ring)
MR       .....                  (no ring)
Stlth    +++.......             (no ring)
HPRegen  0.13/turn              (no ring)
MPRegen  0.11/turn              (no ring)
                                (no ring)
                                (no ring)

@: appendage
A: almost no armour, stealthy swim, amphibious, 8 rings, constrict 8, tentacle
spike 3, camouflage 1, gelatinous body 1
a: End Transformation


You were on level 3 of the Dungeon.
You were not hungry.
One of your tentacles had a temporary spike.
You visited 1 branch of the dungeon, and saw 3 of its levels.

You collected 257 gold pieces.

Inventory:

Missiles
 a - 46 arrows
Scrolls
 d - 2 scrolls of remove curse
 g - a scroll of teleportation
Potions
 b - a potion of heal wounds {unknown}
 f - a potion of invisibility {unknown}
 h - a potion of curing {unknown}
 j - a potion of flight {unknown}
Comestibles
 c - 3 rations
 i - 5 chunks of flesh


   Skills:
 * Level 2.0 Fighting
 * Level 3.0 Dodging
 * Level 2.4 Stealth
 * Level 4.5 Unarmed Combat
 + Level 2.6 Spellcasting
 * Level 3.0 Transmutations
 * Level 1.7 Poison Magic


You had 4 spell levels left.
You knew the following spells:

 Your Spells              Type           Power        Failure   Level  Hunger
a - Beastly Appendage     Tmut           ##....       6%          1    #......
b - Sticks to Snakes      Tmut           ##......     9%          2    ###....
c - Spider Form           Tmut/Pois      #.........   24%         3    ###....

Your spell library contained the following spells:

 Spells                   Type           Power        Failure   Level  Hunger
 Ice Form                 Ice/Tmut       #.......     75%         4    #####..
 Blade Hands              Tmut           ##........   86%         5    ######.


Dungeon Overview and Level Annotations

Branches:
Dungeon (3/15)

Altars:
Gozag


Innate Abilities, Weirdness & Mutations

You cannot wear most types of armour.
You are very stealthy in the water. (Stealth+)
You are amphibious.
You can wear up to eight rings at the same time.
You can use your tentacles to constrict eight enemies at once.
Your skin changes colour to match your surroundings (Stealth+).
Your rubbery body absorbs attacks. (AC +1, EV +1)
One of your tentacles bears a large vicious spike.


Message History

The helpless sky beast fails to defend itself.
You tentacle-slap the sky beast.
You pierce the sky beast, but do no damage.
The sky beast is lightly wounded.
The sky beast flickers out of sight!
Deactivating autopickup; reactivate with Ctrl-A.
Something hits you. Something shocks you.
You miss something.
Your tentacle spike misses something.
Something hits you. Something shocks you.
You barely miss something. Something hits you. Something shocks you.
You bludgeon something!
You pierce something.
Your squeeze misses something. Something completely misses you.
You tentacle-slap something but do no damage.
Your tentacle spike misses something.
Something hits you.
* * * LOW HITPOINT WARNING * * *
Something shocks you.
* * * LOW HITPOINT WARNING * * *
You miss something.
You pierce something.
Something barely misses you.
You barely miss something. Something hits you.
You die...

# # # ############ #
##..........# #
##...#######.######## #######
#.._.# #.@{....... .......
#.)..### #####.....#########
#.#[##.#########.###.#........
#.....#...........##.#.#######
###..##.....##.#..##.#.# #
#..###.....##.#..##.#.# #...
#.....##<#..##.#.#
#..#.#......).........#######
#...............(.#..........


There were no monsters in sight!

Vanquished Creatures
  A sky beast (D:3)
  2 orc wizards (D:3)
  3 adders
  4 gnolls
  2 worms (D:2)
  A dart slug (D:2)
  A leopard gecko (D:2)
  2 orcs
  3 giant cockroaches
  10 goblins
  11 hobgoblins
  3 jackals (D:1)
  4 kobolds
  A ball python (D:1)
  9 bats
  4 frilled lizards
  A leopard gecko skeleton (D:3)
  5 rats
67 creatures vanquished.

Notes
Turn   | Place    | Note
-------+----------+-------------------------------------------
     0 | D:1      | BlueFish the Octopode Transmuter began the quest for the
                  | Orb.
     0 | D:1      | Reached XP level 1. HP: 13/13 MP: 3/3
   318 | D:1      | Reached XP level 2. HP: 17/18 MP: 3/5
   322 | D:1      | Learned a level 2 spell: Sticks to Snakes
   912 | D:1      | Reached skill level 1 in Stealth
  1064 | D:1      | Reached XP level 3. HP: 20/23 MP: 4/6
  1069 | D:1      | Learned a level 3 spell: Spider Form
  1793 | D:2      | Reached XP level 4. HP: 26/28 MP: 5/7
  1965 | D:2      | Reached skill level 4 in Unarmed Combat
  2459 | D:3      | Noticed a sky beast
  2574 | D:3      | Killed a sky beast
  2574 | D:3      | Reached skill level 1 in Poison Magic
  2574 | D:3      | Reached XP level 5. HP: 33/34 MP: 4/8
  2942 | D:3      | Reached XP level 6. HP: 27/39 MP: 9/9
  3282 | D:3      | Found an opulent altar of Gozag.
  3299 | D:3      | Noticed a sky beast
  3312 | D:3      | Slain by a sky beast

Levels and vault maps discovered:
D:1:      mrwooster_arrival_statue_3, layout_basic, item_on_display_a
D:2:      layout_basic
D:3:      wander_river, layout_loops_ring, nicolae_gozag_seed_capital

Skill      XL: |  1  2  3  4  5  6 |
---------------+-------------------+-----
Stealth        | 1 2 |  2.4
Unarmed Combat | 4 |  4.5
Poison Magic   | 1 |  1.7
Dodging        | 3 |  3.0
Fighting       | 2 |  2.0
Transmutations | 3 |  3.0
Spellcasting   | |  2.6

Action                   |  1- 3 |  4- 6 || total
-------------------------+-------+-------++-------
Melee: Unarmed           |    73 |    92 ||   165
       Constrict         |    20 |    18 ||    38
       Kick              |    19 |    18 ||    37
       Tentacles         |     6 |    11 ||    17
       Punch             |     1 |     1 ||     2
 Cast: Beastly Appendage |    20 |    24 ||    44
       Spider Form       |       |     1 ||     1
  Use: Scroll            |     2 |     3 ||     5
 Stab: Sleeping          |     3 |     4 ||     7
  Eat: Chunk             |     3 |     5 ||     8
Armor: Skin              |     3 |     3 ||     6
Dodge: Dodged            |    41 |    76 ||   117

Table legend:
 A = Non-vault XP
 B = Vault XP
 C = Vault XP percentage of total XP
 D = Non-vault monster count
 E = Vault monster count
 F = Vault count percentage of total count
                 A         B        C        D         E       F
            +---------+---------+-------+---------+---------+-------
      Total |     402 |       0 |   0.0 |      67 |       0 |   0.0
            +---------+---------+-------+---------+---------+-------
        D:1 |      48 |       0 |   0.0 |      23 |       0 |   0.0
        D:2 |     107 |       0 |   0.0 |      20 |       0 |   0.0
        D:3 |     247 |       0 |   0.0 |      24 |       0 |   0.0
            +---------+---------+-------+---------+---------+-------
